 Dungeon Crawl Stone Soup version 0.28-a0-194-g42b4daccc1 (webtiles) character file.

Game seed: 16220357425605890262

4064 Spaninq the Cutter (level 10, -14/81 HPs)
             Began as a Palentonga Wanderer on Aug 18, 2021.
             Was a Priest of the Shining One.
             Demolished by a white ugly thing (28 damage)
             ... on level 7 of the Dungeon.
             The game lasted 00:25:28 (9473 turns).

Spaninq the Cutter (Palentonga Wanderer)            Turns: 9473, Time: 00:25:28

Health: -14/81     AC: 18    Str: 25    XL:     10   Next: 5%
Magic:  18/18      EV: 10    Int: 19    God:    the Shining One [***...]
Gold:   220        SH:  4    Dex: 10    Spells: 19/20 levels left

rFire   + + +      SeeInvis +   e - +0 rapier (elec)
rCold   . . .      Faith    .   t - +0 buckler
rNeg    + . .      Spirit   .   w - +3 leather armour of the Lost Path {rF+ Int+7}
rPois   +          Reflect  .   i - +2 helmet of Fortitude {Harm rF+ Str+2}
rElec   .          Harm     +   d - scarf {repulsion}
rCorr   +          Rampage  .   (no gloves)
Will    .....                   (no barding)
Stlth   +.........              (no amulet)
HPRegen 0.23/turn               j - ring of poison resistance
MPRegen 0.16/turn               u - ring of Disaster {rF+ rCorr Str+4}

@: glowing, repel missiles, curled up
A: large, rugged brown scales 3, see invisible, deformed body, roll 1, armoured
tail, reflexive curl
a: Rolling Charge, Renounce Religion, Divine Shield


You were on level 7 of the Dungeon.
You worshipped the Shining One.
The Shining One was most pleased with you.
You visited 1 branch of the dungeon, and saw 7 of its levels.

You collected 369 gold pieces.
You spent 149 gold pieces at shops.

Inventory:

Hand Weapons
 e - a +0 rapier of electrocution (weapon)
 v - a +2 long sword of holy wrath
 A - a +4 rapier of speed
Armour
 d - a scarf of repulsion (worn)
 f - a +0 cloak
 i - the +2 helmet of Fortitude (worn) {Harm rF+ Str+2}
   (You took it off Robin on level 2 of the Dungeon)

   Str:       It affects your strength (+2).
   rF:        It protects you from fire.
   Harm:      It increases damage dealt and taken.
 l - a +0 chain mail
 m - +1 acid dragon scales
 s - a +0 robe of fire resistance
 t - a +0 buckler (worn)
 w - the +3 leather armour of the Lost Path (worn) {rF+ Int+7}
   (You found it on level 7 of the Dungeon)

   Int:       It affects your intelligence (+7).
   rF:        It protects you from fire.
Jewellery
 j - a ring of poison resistance (left hand)
 o - a ring of protection from fire
 u - the ring of Disaster (right hand) {rF+ rCorr Str+4}
   (You found it on level 6 of the Dungeon)

   [ring of resist corrosion]

   Str:       It affects your strength (+4).
   rF:        It protects you from fire.
   rCorr:     It protects you from acid and corrosion.
Wands
 b - a wand of acid (11)
 y - a wand of polymorph (5)
Scrolls
 p - a scroll of magic mapping
 r - 3 scrolls of fear
Potions
 a - 2 potions of heal wounds {unknown}
 c - a potion of lignification {unknown}
 g - a potion of flight {unknown}
 h - a potion of cancellation
 k - a potion of curing
 q - 2 potions of might {unknown}
 x - a potion of brilliance {unknown}
 z - 2 potions of mutation {unknown}


   Skills:
 + Level 6.2 Fighting
 * Level 7.6(7.9) Short Blades
 - Level 3.1(5.7) Long Blades
 + Level 3.4 Armour
 + Level 3.3 Dodging
 - Level 1.0 Stealth
 + Level 3.8 Shields
 - Level 5.6 Spellcasting
 - Level 3.8 Conjurations
 - Level 3.0 Fire Magic
 - Level 1.0 Ice Magic
 - Level 1.0 Evocations


You had 19 spell levels left.
You knew the following spells:

 Your Spells              Type           Power      Damage    Failure   Level
a - Foxfire               Conj/Fire      72%        2x1d7     3%          1

Your spell library contained the following spells:

 Spells                   Type           Power      Damage    Failure   Level
 Magic Dart               Conj           76%        1d6       2%          1
 Conjure Flame            Conj/Fire      18%        6-21      10%         3
 Blink                    Tloc           N/A        N/A       21%         2
 Call Imp                 Summ           5%         N/A       21%         2
 Slow                     Hex            5%         N/A       21%         2
 Mephitic Cloud           Conj/Pois/Air  10%        N/A       22%         3
 Frozen Ramparts          Ice            18%        1d3       26%         3
 Ozocubu's Armour         Ice            9%         N/A       26%         3
 Confusing Touch          Hex            5%         N/A       36%         3
 Ice Form                 Ice/Tmut       7%         N/A       71%         4
 Summon Ice Beast         Ice/Summ       7%         N/A       71%         4
 Freezing Cloud           Conj/Ice/Air   5%         6-21      88%         5
 Yara's Violent Unravell  Hex/Tmut       2%         3d3       98%         5
 Simulacrum               Ice/Necr       3%         N/A       100%        6
 Ozocubu's Refrigeration  Ice            4%         4d5       100%        7
 Polar Vortex             Ice            4%         N/A       100%        9


Dungeon Overview and Level Annotations

Branches:
Dungeon (7/15)             Temple (0/1) D:7

Altars:
Kikubaaqudgha
Nemelex Xobeh
Sif Muna
Wu Jian
The Shining One

Shops:
D:2 ?(!(:   D:5 *   D:6 (


Innate Abilities, Weirdness & Mutations

You are completely covered in rugged brown scales. (AC +3, +7% HP)
You have supernaturally acute eyesight. (SInv)
Armour fits poorly on your strangely shaped body.
You can roll at nearby foes to attack.
You have a long armoured tail.
You curl defensively after being hit.


Message History

You tail-slap the water moccasin.
The water moccasin is almost dead.
The water moccasin bites you but does no damage.
You hit the water moccasin but do no damage.
The water moccasin is almost dead.
The water moccasin closely misses you.
You hit the water moccasin.
You kill the water moccasin!
You see here a water moccasin corpse.
Roll where?
Press: ? - help, Dir - move target, f - white ugly thing
Aim: a white ugly thing (haloed)
You roll forward with a clatter of scales!
You puncture the white ugly thing!
The white ugly thing is lightly wounded.
The white ugly thing engulfs you! The white ugly thing freezes you!!
The white ugly thing engulfs you but does no damage.
The white ugly thing engulfs you! The white ugly thing freezes you!
* * * LOW HITPOINT WARNING * * *
Things that are here:
a +0 giant spiked club; a +0 giant spiked club
There is a stone staircase leading up, spattered with blood here.
Things that are here:
a +0 spear; a +0 scale mail The white ugly thing closely misses you.
A centaur comes into view.
It is wielding the +8 whip of Twilight {vamp, Int+9 Stlth+}.
The centaur shouts!
The centaur unwields the +8 whip of Twilight {vamp, Int+9 Stlth+}.
The centaur wields a +0 shortbow.
The centaur shoots an arrow.
You block the arrow.
Things that are here:
a +0 giant spiked club; a +0 giant spiked club The centaur shoots an arrow.
The arrow barely misses you.
There is a stone staircase leading up, spattered with blood here.
Things that are here:
a +0 spear; a +0 scale mail The white ugly thing engulfs you.
* * * LOW HITPOINT WARNING * * *
The white ugly thing freezes you!!
You die...

#..##(.)...........#..##..##
......##...........#####.##
......#............# ###
..............)<.###
..........##..##)##
..........###.###.##
..........##..##...##
........#.....###u..##
.......##.#...#.@....##
...#.###.####.....#...#
...#............##....#
...#............#..)..#
...##....†........#)###
.......#######....#)#
...#####8...8#####.##
...#...#.....#...#..#
.....8....>.)..8...##


You could see a white ugly thing.

Vanquished Creatures
  A two-headed ogre (D:7)
  Maggie (D:6)
  Sigmund (D:3)
  A wraith (D:7)
  Edmund (D:6)
  2 acid dragons
  A water moccasin (D:7)
  Duvessa (D:6)
  2 ice beasts
  A sky beast (D:7)
  A black bear (D:7)
  2 necrophages
  4 ogres
  A kobold brigand (D:7)
  3 bullfrogs (D:7)
  2 scorpions
  Dowan (D:6)
  2 gnoll sergeants
  2 water moccasin skeletons
  An electric eel (D:7)
  A centaur skeleton (D:6)
  3 orc priests
  5 hounds
  A bullfrog skeleton (D:5)
  An orc wizard (D:7)
  Natasha (thrice) (D:4)
  An iguana (D:4)
  Ijyb (D:3)
  2 killer bee zombies (D:6)
  A hound zombie (D:5)
  A hound skeleton (D:5)
  Robin (D:2)
  A howler monkey zombie (D:5)
  9 gnolls
  7 adders
  A shadow imp (D:6)
  A white imp (D:5)
  An ufetubus (D:5)
  A worm (D:2)
  2 dart slugs
  13 orcs
  5 ball pythons
  4 bats
  7 endoplasms
  2 giant cockroaches
  15 goblins
  9 hobgoblins
  5 jackals
  4 quokkas
  4 frilled lizards
  7 kobolds
  7 rats
157 creatures vanquished.

Vanquished Creatures (others)
  229 foxfires
  14 plants (D:7)
243 creatures vanquished.

Grand Total: 400 creatures vanquished

Notes
Turn   | Place    | Note
-------+----------+-------------------------------------------
     0 | D:1      | Spaninq the Palentonga Wanderer began the quest for the
                  | Orb.
     0 | D:1      | Spaninq set off with the following items: a +0 club, a +0
                  | robe, a piece from Xom's chessboard (15/15); and the
                  | following spells available to memorise: Magic Dart,
                  | Foxfire, Blink, Call Imp, Slow, Conjure Flame, Mephitic
                  | Cloud
     0 | D:1      | Reached XP level 1. HP: 13/13 MP: 6/6
     2 | D:1      | Learned a level 1 spell: Foxfire
   155 | D:1      | Reached XP level 2. HP: 15/20 MP: 2/8
   180 | D:1      | Reached skill level 1 in Fire Magic
   682 | D:1      | Found a faded altar of an unknown god.
   706 | D:1      | Became a worshipper of the Shining One
   706 | D:1      | Reached * piety under the Shining One
   719 | D:1      | Reached XP level 3. HP: 25/25 MP: 7/9
   883 | D:2      | Found Ypsyxzue's Book Shop.
  1255 | D:2      | Reached XP level 4. HP: 14/33 MP: 4/11
  1461 | D:2      | Found Yco Joud's Distillery.
  1498 | D:2      | Found Pobar's Magic Scroll Emporium.
  1753 | D:2      | Found Yfootyul's Antique Weapon Boutique.
  1807 | D:2      | Found Dacurgh's Antique Weapon Shoppe.
  1837 | D:2      | Identified the +2 helmet of Fortitude {Harm rF+ Str+2}
  1837 | D:2      | Noticed Robin
  2331 | D:2      | Killed Robin
  2519 | D:3      | Reached skill level 1 in Fighting
  2638 | D:3      | Reached XP level 5. HP: 36/39 MP: 12/12
  2860 | D:3      | Noticed Sigmund
  2876 | D:3      | Killed Sigmund
  2877 | D:3      | Reached XP level 6. HP: 23/47 MP: 11/14
  3079 | D:3      | Noticed Ijyb
  3087 | D:3      | Killed Ijyb
  3481 | D:2      | Bought a runed long sword for 149 gold pieces
  3966 | D:4      | Noticed Natasha
  4382 | D:4      | Noticed an acid dragon
  4460 | D:4      | Killed Natasha
  4461 | D:4      | Reached skill level 1 in Long Blades
  5049 | D:4      | Noticed Natasha
  5054 | D:4      | Killed Natasha
  5054 | D:4      | Reached ** piety under the Shining One
  5085 | D:4      | Noticed Natasha
  5089 | D:4      | Killed Natasha
  5288 | D:4      | Killed an acid dragon
  5289 | D:4      | Gained mutation: You curl defensively after being hit.
                  | [Palentonga growth]
  5289 | D:4      | Reached XP level 7. HP: 41/54 MP: 15/15
  5651 | D:5      | Entered Level 5 of the Dungeon
  5670 | D:5      | Found Moiklemp's General Store.
  5783 | D:5      | Reached skill level 1 in Short Blades
  5852 | D:5      | Reached skill level 2 in Short Blades
  6074 | D:5      | Reached skill level 3 in Short Blades
  6081 | D:5      | Reached XP level 8. HP: 37/64 MP: 16/16
  6239 | D:5      | Reached skill level 4 in Short Blades
  6962 | D:6      | Reached skill level 1 in Armour
  6962 | D:6      | Reached skill level 1 in Dodging
  6962 | D:6      | Reached skill level 1 in Shields
  7024 | D:6      | Reached skill level 5 in Short Blades
  7025 | D:6      | Identified the ring of Disaster {rF+ rCorr Str+4}
  7087 | D:6      | Noticed Edmund
  7168 | D:6      | Killed Edmund
  7348 | D:6      | Found Kiphuush's Firing Range.
  7378 | D:6      | Reached *** piety under the Shining One
  7452 | D:6      | Noticed Dowan
  7514 | D:6      | Noticed Duvessa
  7541 | D:6      | Killed Duvessa
  7542 | D:6      | Reached skill level 5 in Fighting
  7547 | D:6      | Killed Dowan
  7710 | D:6      | Noticed Maggie
  7720 | D:6      | Killed Maggie
  7721 | D:6      | Reached XP level 9. HP: 48/72 MP: 17/17
  7980 | D:7      | Noticed a two-headed ogre
  8033 | D:7      | Reached skill level 6 in Short Blades
  8098 | D:7      | Noticed a cyclops
  8259 | D:7      | Found a sparkling altar of Nemelex Xobeh.
  8262 | D:7      | Found a shimmering blue altar of Sif Muna.
  8265 | D:7      | Found a glowing golden altar of the Shining One.
  8268 | D:7      | Found an ancient bone altar of Kikubaaqudgha.
  8698 | D:7      | Killed a two-headed ogre
  8699 | D:7      | Reached skill level 7 in Short Blades
  8920 | D:7      | Found a staircase to the Ecumenical Temple.
  8936 | D:7      | Found an ornate altar of the Wu Jian Council.
  8958 | D:7      | Identified the +3 leather armour of the Lost Path {rF+
                  | Int+7}
  9029 | D:7      | Reached XP level 10. HP: 25/81 MP: 18/18
  9435 | D:7      | Noticed a white ugly thing
  9466 | D:7      | Identified the +8 whip of Twilight {vamp, Int+9 Stlth+}
  9473 | D:7      | Demolished by a white ugly thing

Illustrated notes

Levels and vault maps discovered:
D:1:      dpeg_arrival_short_road, layout_rooms,
          shapermc_ecumenical_altar_acropolis, minivault_24
D:2:      layout_basic, serial_shops, nicolae_lakefront_shop,
          nicolae_shop_statue_plus, nicolae_shop_waterfront, shop,
          nicolae_diamond_shop, minivault_14, uniq_robin
D:3:      layout_basic, uniq_ijyb, uniq_sigmund
D:4:      layout_loops_ring, uniq_natasha
D:5:      layout_loops_ring, serial_shops, kennysheep_mini,
          hangedman_abyss_or_decor_slice
D:6:      layout_loops_ring, minivault_23, nicolae_shop_firing_range,
          uniq_duvessa, uniq_edmund, uniq_maggie
D:7:      nzn_winding_woodlands_large [nzn_winding_woodlands_5x5_cross,
          nzn_winding_woodlands_5x15_lazy_stream,
          nzn_winding_woodlands_5x5_checkerboard,
          nzn_winding_woodlands_center_triple_pond,
          nzn_winding_woodlands_15x15_thick_spiral,
          nzn_winding_woodlands_center_garden, nzn_winding_woodlands_hourglass,
          nzn_winding_woodlands_5x15_twine,
          nzn_winding_woodlands_5x5_open_star], layout_cave_pools,
          mainiacjoe_overflow_small_starburst, grunt_temple_overflow_cloverleaf,
          minmay_temple_entry_antechambers, serial_park_tiny_1

Skill      XL: |  1  2  3  4  5  6  7  8  9 |
---------------+----------------------------+-----
Conjurations   | 2 3 |  3.8
Fire Magic     | 1 2 3 |  3.0
Fighting       | 1 2 4 5 6 |  6.2
Long Blades    | 2 3 |  3.1
Short Blades   | 3 5 7 |  7.6
Armour         | 2 3 |  3.4
Dodging        | 1 3 |  3.3
Shields        | 2 3 |  3.8
Stealth        | |  1.0
Spellcasting   | |  5.6
Ice Magic      | |  1.0
Evocations     | |  1.0

Action                   |  1- 3 |  4- 6 |  7- 9 | 10-12 || total
-------------------------+-------+-------+-------+-------++-------
Melee: Club              |     9 |       |       |       ||     9
       Tailslap          |     4 |     8 |    31 |     1 ||    44
       Spear             |    14 |    11 |       |       ||    25
       Dagger            |       |    49 |       |       ||    49
       Rapier            |       |    16 |   188 |     9 ||   213
       Long sword        |       |    13 |       |       ||    13
 Cast: Foxfire           |    57 |    59 |    18 |       ||   134
 Abil: Rolling Charge    |       |     2 |    14 |     2 ||    18
  Use: Scroll            |       |    10 |     3 |       ||    13
Armor: Robe              |     8 |    40 |       |       ||    48
       Acid dragon scale |       |       |    12 |       ||    12
       Leather armour    |       |       |    53 |     4 ||    57
Dodge: Dodged            |    12 |    50 |    62 |     4 ||   128
       Repelled          |       |     2 |     1 |       ||     3
Block: Buckler           |       |       |     6 |     1 ||     7
       Rpst.: Long sword |       |     3 |       |       ||     3

Table legend: (Time is in decaauts)
 A = Elapsed time spent in this place.
 B = Non-inter-level travel time spent in this place.
 C = Inter-level travel time spent in this place.
 D = Time resting spent in this place.
 E = Time spent auto-exploring this place.
 F = Levels seen in this place.
 G = Mean time per level.
                   A        B        C        D        E       F      G
               +--------+--------+--------+--------+--------+-----+--------+
         Total |   9490 |   8918 |    572 |   2764 |   4477 |   7 | 1355.7 |
       Dungeon |   9490 |   8918 |    572 |   2764 |   4477 |   7 | 1355.7 |
               +--------+--------+--------+--------+--------+-----+--------+

Top non-repeatable levels by time:
     D:3: 2184 daAuts
     D:6: 1861 daAuts
     D:2: 1685 daAuts
     D:5: 979 daAuts
     D:7: 974 daAuts
     D:1: 933 daAuts
     D:4: 871 daAuts
